 Dungeon Crawl Stone Soup version 0.31-a0-232-gb1c03b2570 (console) character file.

Game seed: 14087794867203010444

753 jejorda2 the Cudgeller (level 7, 0/38 (60) HPs)
             Began as a Gnoll Berserker on July 7, 2023.
             Was a Believer of Trog.
             Slain by Duvessa
             ... wielding a +1 rapier of draining
              (2 damage)
             ... on level 5 of the Dungeon.
             The game lasted 00:06:52 (3743 turns).

jejorda2 the Cudgeller (Gnoll Berserker)            Turns: 3743, Time: 00:06:54

HP:   0/38 (60)     AC: 15    Str: 19    XL:     7   Next: 78%
MP:   11/11         EV:  8    Int:  6    God:    Trog [**....]
Gold: 246           SH:  8    Dex: 11    Spells: 11/11 levels left

rFire   . . .        a - +0 flail
rCold   . . .        b - +0 kite shield
rNeg    . . .        B - +0 chain mail
rPois   .            h - +2 helmet
rElec   .            y - +0 cloak
rCorr   .            g - +0 pair of gloves
SInv    .            (no boots)
Will    ++...        j - amulet of regeneration Stlth
                     D - ring of flight
HPRegen 2.06/turn    (no ring)
MPRegen 0.12/turn

%: no passive effects
@: lit by a corona, strong-willed, on berserk cooldown, flying, regenerating,
slowed, glowing, very heavily drained, very slow
A: fangs 1, strong nose, distributed training
a: Renounce Religion, Berserk, Trog's Hand


You were on level 5 of the Dungeon.
You worshipped Trog.
Trog was pleased with you.
You visited 1 branch of the dungeon, and saw 5 of its levels.

You collected 246 gold pieces.

Inventory:

Hand Weapons
 a - a +0 flail (weapon)
Missiles
 k - 36 stones (quivered)
 n - 5 poisoned darts
 v - 2 throwing nets
 C - a boomerang
Armour
 b - a +0 kite shield (worn)
 g - a +0 pair of gloves (worn)
 h - a +2 helmet (worn)
 y - a +0 cloak (worn)
 B - a +0 chain mail (worn)
Jewellery
 j - an amulet of regeneration (around neck)
 D - a ring of flight (left hand)
Scrolls
 c - 5 scrolls of revelation {unknown}
 d - 3 scrolls of teleportation {unknown}
 f - a scroll of fear {unknown}
 i - 3 scrolls of vulnerability {unknown}
 m - a scroll of amnesia {unknown}
 s - a scroll of silence {unknown}
 t - 3 scrolls of identify {unknown}
 w - a scroll of brand weapon {unknown}
 x - 3 scrolls of poison {unknown}
 E - a scroll of blinking {unknown}
Potions
 e - a potion of brilliance {unknown}
 l - 2 potions of degeneration {unknown}
 o - a potion of ambrosia {unknown}
 p - a potion of attraction {unknown}
 q - 4 potions of curing {unknown}
 r - 3 potions of heal wounds {unknown}
 u - a potion of haste {unknown}
 z - a potion of mutation {unknown}
 A - a potion of enlightenment {unknown}


   Skills:
 + Level 7.2 Fighting
 + Level 2.8 Short Blades
 + Level 2.8 Long Blades
 + Level 2.8 Axes
 + Level 7.2 Maces & Flails
 + Level 2.8 Polearms
 + Level 2.8 Staves
 + Level 2.8 Ranged Weapons
 + Level 2.8 Throwing
 + Level 5.4 Armour
 + Level 5.4 Dodging
 + Level 2.8 Stealth
 + Level 2.8 Shields
 + Level 2.8 Unarmed Combat
 + Level 2.8 Spellcasting
 + Level 2.3 Conjurations
 + Level 2.3 Hexes
 + Level 2.3 Summonings
 + Level 2.3 Necromancy
 + Level 2.3 Translocations
 + Level 2.3 Transmutations
 + Level 2.3 Fire Magic
 + Level 2.3 Ice Magic
 + Level 2.3 Air Magic
 + Level 2.3 Earth Magic
 + Level 2.3 Poison Magic
 + Level 3.1 Invocations
 + Level 2.8 Evocations


You had 11 spell levels left.
You didn't know any spells.
Your spell library was empty.

Dungeon Overview and Level Annotations

Branches:
Dungeon (5/15)
 Temple: D:4-7

Altars:
Wu Jian
The Shining One

Shops:
D:1 =   D:2 (   D:5 =

Annotations:
D:5 Duvessa


Innate Abilities, Weirdness & Mutations

You have very sharp teeth.
Your uncanny sense of smell can sniff out nearby items.
Your experience applies equally to all skills.


Message History

Duvessa hits you with a +1 rapier of draining.
You feel drained.
Duvessa hits you with a +1 rapier of draining.
You feel drained.
Duvessa hits you with a +1 rapier of draining!
You feel drained.
You hit Duvessa. Your bite misses Duvessa.
Duvessa is moderately wounded.
Duvessa hits you with a +1 rapier of draining!
You feel drained. Duvessa hits you but does no damage.
You feel drained.
You barely miss Duvessa.
Duvessa is moderately wounded.
Duvessa hits you but does no damage.
You feel drained.
Duvessa hits you with a +1 rapier of draining.
You feel drained.
Duvessa hits you with a +1 rapier of draining.
You feel drained.
Your skin crawls.
You feel strong-willed. Duvessa barely misses you. You block Duvessa's attack.
Unknown command.
You hit Duvessa. You bite Duvessa, but do no damage.
Duvessa is heavily wounded.
Duvessa hits you with a +1 rapier of draining.
You feel drained.
Duvessa hits you with a +1 rapier of draining.
You feel drained. You block Duvessa's attack.
You completely miss Duvessa.
Duvessa is heavily wounded.
You block Duvessa's attack.
Duvessa hits you with a +1 rapier of draining!
You feel drained.
* * * LOW HITPOINT WARNING * * *
You hit Duvessa but do no damage. You bite Duvessa, but do no damage.
Duvessa is heavily wounded.
You block Duvessa's attack.
Duvessa hits you with a +1 rapier of draining!
* * * LOW HITPOINT WARNING * * *
You feel drained.
You die...

##.........##
#...........#
.##...........###
.................
............#
#.......#####.# .
###..##.......#
....######...##.#######
......e@)#...........#
......##....<........#
........†............#
.....................#
.....................###
....#....##............#
... #.?..##..........#.#
# #....#...........#..
##..##.##..##..##~.~


You could see Duvessa (berserk).

Vanquished Creatures
  Grinder (D:4)
  Eustachio (D:4)
  A scorpion (D:5)
  Dowan (D:5)
  A howler monkey (D:4)
  A hound (D:5)
  An orc priest (D:2)
  Crazy Yiuf (D:4)
  2 iguanas (D:4)
  A sleepcap (D:5)
  2 adders
  4 gnolls (D:3)
  A white imp (D:5)
  A worm (D:2)
  A dart slug (D:2)
  7 orcs
  7 ball pythons
  3 bats
  4 endoplasms
  3 giant cockroaches (D:1)
  3 hobgoblins (D:3)
  3 jackals (D:4)
  6 kobolds
  3 quokkas
  2 frilled lizards
  5 goblins
  4 rats
70 creatures vanquished.

Notes
Turn   | Place    | Note
-------+----------+-------------------------------------------
     0 | D:1      | jejorda2 the Gnoll Berserker began the quest for the Orb.
     0 | D:1      | Reached XP level 1. HP: 23/23 MP: 1/1
   134 | D:1      | Reached XP level 2. HP: 29/29 MP: 2/2
   555 | D:1      | Found Ompoxaj's Jewellery Boutique.
   722 | D:1      | Found a faded altar of an unknown god.
   880 | D:2      | Reached XP level 3. HP: 35/35 MP: 3/3
  1015 | D:2      | Reached skill level 1 in Short Blades
  1015 | D:2      | Reached skill level 1 in Long Blades
  1015 | D:2      | Reached skill level 1 in Axes
  1015 | D:2      | Reached skill level 1 in Polearms
  1015 | D:2      | Reached skill level 1 in Staves
  1015 | D:2      | Reached skill level 1 in Ranged Weapons
  1015 | D:2      | Reached skill level 1 in Throwing
  1015 | D:2      | Reached skill level 1 in Stealth
  1015 | D:2      | Reached skill level 1 in Shields
  1015 | D:2      | Reached skill level 1 in Unarmed Combat
  1015 | D:2      | Reached skill level 1 in Spellcasting
  1015 | D:2      | Reached skill level 1 in Invocations
  1015 | D:2      | Reached skill level 1 in Evocations
  1015 | D:2      | Reached XP level 4. HP: 41/41 MP: 3/5
  1236 | D:2      | Reached ** piety under Trog
  1345 | D:2      | Found Xynoxty's Weapon Emporium.
  1587 | D:3      | Found a glowing golden altar of the Shining One.
  1687 | D:3      | Reached skill level 1 in Conjurations
  1687 | D:3      | Reached skill level 1 in Hexes
  1687 | D:3      | Reached skill level 1 in Summonings
  1687 | D:3      | Reached skill level 1 in Necromancy
  1687 | D:3      | Reached skill level 1 in Translocations
  1687 | D:3      | Reached skill level 1 in Transmutations
  1687 | D:3      | Reached skill level 1 in Fire Magic
  1687 | D:3      | Reached skill level 1 in Ice Magic
  1687 | D:3      | Reached skill level 1 in Air Magic
  1687 | D:3      | Reached skill level 1 in Earth Magic
  1687 | D:3      | Reached skill level 1 in Poison Magic
  1902 | D:3      | Reached XP level 5. HP: 47/47 MP: 7/7
  2189 | D:3      | Found an ornate altar of the Wu Jian Council.
  2702 | D:4      | Noticed Grinder
  2713 | D:4      | Killed Grinder
  2714 | D:4      | Reached skill level 5 in Armour
  2714 | D:4      | Reached skill level 5 in Dodging
  2714 | D:4      | Reached XP level 6. HP: 53/53 MP: 7/9
  2880 | D:4      | Found a runed translucent door.
  2881 | D:4      | Noticed Crazy Yiuf
  2888 | D:4      | Killed Crazy Yiuf
  3130 | D:4      | Noticed Eustachio
  3151 | D:4      | Killed Eustachio
  3152 | D:4      | Reached XP level 7. HP: 50/60 MP: 10/10
  3615 | D:5      | Entered Level 5 of the Dungeon
  3679 | D:5      | Found Sutod's Jewellery Shop.
  3713 | D:5      | Noticed Dowan
  3717 | D:5      | Noticed Duvessa
  3737 | D:5      | Killed Dowan
  3743 | D:5      | HP: 2/40 [Duvessa/+1 rapier of draining (14)]
  3743 | D:5      | Slain by Duvessa

Illustrated notes

Levels and vault maps discovered:
D:1:      dpeg_arrival_rooms_a, layout_loops_cross, serial_shops, shop,
          hellmonk_ecumenical_altar_leap_of_faith
D:2:      layout_loops_ring, serial_shops, shop
D:3:      layout_loops_corners, grunt_temple_overflow_open,
          nicolae_grassy_gnolls
D:4:      layout_layer_cave, uniq_eustachio, uniq_crazy_yiuf_cottage,
          uniq_grinder
D:5:      layout_rooms, mainiacjoe_overflow_chevrons, serial_shops,
          nicolae_shop_waterfront, minmay_misc_feat_five,
          nicolae_elevator_lobby_plus, uniq_duvessa

Skill      XL: |  1  2  3  4  5  6  7 |
---------------+----------------------+-----
Short Blades   | 1 2 |  2.8
Long Blades    | 1 2 |  2.8
Axes           | 1 2 |  2.8
Polearms       | 1 2 |  2.8
Staves         | 1 2 |  2.8
Ranged Weapons | 1 2 |  2.8
Throwing       | 1 2 |  2.8
Stealth        | 1 2 |  2.8
Shields        | 1 2 |  2.8
Unarmed Combat | 1 2 |  2.8
Spellcasting   | 1 2 |  2.8
Invocations    | 1 2 3 |  3.1
Evocations     | 1 2 |  2.8
Conjurations   | 1 2 |  2.3
Hexes          | 1 2 |  2.3
Summonings     | 1 2 |  2.3
Necromancy     | 1 2 |  2.3
Translocations | 1 2 |  2.3
Transmutations | 1 2 |  2.3
Fire Magic     | 1 2 |  2.3
Ice Magic      | 1 2 |  2.3
Air Magic      | 1 2 |  2.3
Earth Magic    | 1 2 |  2.3
Poison Magic   | 1 2 |  2.3
Armour         | 5 |  5.4
Dodging        | 5 |  5.4
Fighting       | 7 |  7.2
Maces & Flails | 7 |  7.2

Action                     |  1- 3 |  4- 6 |  7- 9 || total
---------------------------+-------+-------+-------++-------
  Melee: Mace              |    77 |     1 |       ||    78
         Bite              |     9 |     9 |     6 ||    24
         Flail             |       |   121 |    67 ||   188
  Throw: Stone             |       |     1 |       ||     1
 Invoke: Berserk           |     1 |     3 |     2 ||     6
         Trog's Hand       |       |     1 |     1 ||     2
 Armour: Animal skin       |    23 |       |       ||    23
         Leather armour    |       |     6 |       ||     6
         Ring mail         |       |    38 |       ||    38
         Chain mail        |       |       |    29 ||    29
  Dodge: Dodged            |    57 |    58 |    17 ||   132
  Block: Kite shield       |       |    49 |    31 ||    80

Table legend: (Time is in decaauts)
 A = Elapsed time spent in this place.
 B = Non-inter-level travel time spent in this place.
 C = Inter-level travel time spent in this place.
 D = Time resting spent in this place.
 E = Time spent auto-exploring this place.
 F = Levels seen in this place.
 G = Mean time per level.
                   A        B        C        D        E       F      G
               +--------+--------+--------+--------+--------+-----+--------+
         Total |   3816 |   3638 |    178 |    154 |   2766 |   5 |  763.2 |
       Dungeon |   3816 |   3638 |    178 |    154 |   2766 |   5 |  763.2 |
               +--------+--------+--------+--------+--------+-----+--------+

Top non-repeatable levels by time:
     D:4: 1250 daAuts
     D:1: 879 daAuts
     D:3: 842 daAuts
     D:2: 709 daAuts
     D:5: 135 daAuts
